 Dungeon Crawl Stone Soup version 0.20.1-1-g8b1a95d (webtiles) character file.

9053 Mesmaeker13 the Geomancer (level 11, -6/81 HPs)
             Began as a Gargoyle Earth Elementalist on July 27, 2017.
             Was a Priest of Vehumet.
             Mangled by Urug
             ... wielding a +2 great sword
              (21 damage)
             ... on level 10 of the Dungeon.
             The game lasted 00:33:48 (12420 turns).

Mesmaeker13 the Geomancer (GrEE)                   Turns: 12420, Time: 00:33:50

Health: -6/81      AC: 10    Str: 17    XL:     11   Next: 40%
Magic:  1/20       EV: 15    Int: 19    God:    Vehumet [***...]
Gold:   513        SH:  4    Dex: 10    Spells: 12/23 levels left

rFire    + . .     SeeInvis +   I - +10 dagger "Jellybane" {freeze, rF+}
rCold    + . .     Gourm    .   i - +0 buckler
rNeg     + + .     Faith    .   R - +0 robe {rN+}
rPois    ∞         Spirit   .   (no helmet)
rElec    +         Reflect  .   a - +0 cloak
rCorr    +         Harm     .   (no gloves)
MR       .....                  (no boots)
Stlth    ..........             (no amulet)
Regen    0.3/turn               N - ring of resist corrosion
MPRegen  0.2/turn               K - ring of protection from cold

@: berserking, very quick
A: see invisible, negative energy resistance 1, electricity resistance,
unbreathing, petrification resistance, rot immunity, AC +7
a: Renounce Religion


You were on level 10 of the Dungeon.
You worshipped Vehumet.
Vehumet was most pleased with you.
You were hungry.

You visited 2 branches of the dungeon, and saw 11 of its levels.
You also visited: Sewer and Ossuary.

You collected 537 gold pieces.
You spent 24 gold pieces at shops.

Inventory:

Hand Weapons
 m - a +2 dagger of holy wrath
 q - the +4 mace of Qystamei {flame, *Slow rPois rN+ Int+2}
   (You found it on level 4 of the Dungeon)

   It has been specially enchanted to burn those struck by it, causing extra
   injury to most foes and up to half again as much damage against particularly
   susceptible opponents.
   It affects your intelligence (+2).
   It protects you from poison.
   It protects you from negative energy.
   It may slow you when you take damage.
 u - the cursed +3 rapier of Instinct {pain, rPois, unknown}
   (You found it on level 9 of the Dungeon)

   In the hands of one skilled in necromantic magic, it inflicts extra damage on
   living creatures.
   It protects you from poison.
   It has a curse placed upon it.
 I - the +10 dagger "Jellybane" (weapon) {freeze, rF+}
   (You found it on level 8 of the Dungeon)

   It has been specially enchanted to freeze those struck by it, causing extra
   injury to most foes and up to half again as much damage against particularly
   susceptible opponents.
   It can also slow down cold-blooded creatures.
   It protects you from fire.
 O - the +3 battleaxe of Seohyiz {speed, *Slow rElec rPois rF+, unknown}
   (You found it on level 9 of the Dungeon)

   Attacks with this weapon are significantly faster.
   It protects you from fire.
   It insulates you from electricity.
   It protects you from poison.
   It may slow you when you take damage.
Missiles
 l - 108 stones (quivered)
Armour
 a - a +0 cloak (worn)
 i - a +0 buckler (worn)
 R - a +0 robe of positive energy (worn)
Magical Staves
 E - an uncursed staff of earth
 Q - an uncursed staff of fire
Jewellery
 H - an uncursed ring of fire
 K - a ring of protection from cold (right hand)
 N - a ring of resist corrosion (left hand)
Wands
 G - a wand of scattershot (0/9)
 U - a wand of digging (13/24)
Scrolls
 f - 3 scrolls of enchant armour
 n - a scroll of enchant weapon
 o - a scroll of fear
 t - a scroll of holy word
 v - a scroll of blinking {unknown}
 x - 4 scrolls of immolation
 y - 5 scrolls of remove curse
 B - a scroll of brand weapon
 D - a scroll of random uselessness {unknown}
 L - a scroll of amnesia {unknown}
Potions
 b - 2 potions of might
 c - a potion of invisibility {unknown}
 j - 2 potions of brilliance {unknown}
 p - 3 potions of heal wounds
 s - a potion of flight {unknown}
 z - a potion of magic {unknown}
 A - 2 potions of haste
 C - 4 potions of berserk rage
 F - a potion of agility {unknown}
 M - a potion of cancellation {unknown}
 P - a potion of mutation
 S - a potion of degeneration {unknown}
Books
 e - a book of Geomancy

   Spells                             Type                      Level
   a - Sandblast                      Earth                        1
   b - Passwall                       Transmutation/Earth          2
   c - Stone Arrow                    Conjuration/Earth            3
   d - Petrify                        Transmutation/Earth          4
   e - Lee's Rapid Deconstruction     Earth                        5
 h - a book of Minor Magic

   Spells                             Type                      Level
   a - Magic Dart                     Conjuration                  1
   b - Blink                          Translocation                2
   c - Call Imp                       Summoning                    2
   d - Slow                           Hexes                        2
   e - Conjure Flame                  Conjuration/Fire             3
   f - Mephitic Cloud                 Conjuration/Poison/Air       3
 J - a book of Callings

   Spells                             Type                      Level
   a - Summon Small Mammal            Summoning                    1
   b - Call Imp                       Summoning                    2
   c - Call Canine Familiar           Summoning                    3
   d - Summon Guardian Golem          Hexes/Summoning              3
   e - Summon Lightning Spire         Summoning/Air                4
   f - Summon Ice Beast               Ice/Summoning                4
Comestibles
 d - 11 bread rations
 g - 3 fruits
 r - 8 meat rations
 w - 8 royal jellies
 T - 6 chunks of flesh


   Skills:
 + Level 7.1 Dodging
 - Level 2.1 Stealth
 - Level 4.1 Shields
 + Level 6.5 Spellcasting
 - Level 9.1 Conjurations
 - Level 0.7 Transmutations
 + Level 11.3 Earth Magic
 + Level 4.4 Evocations


You had 12 spell levels left.
You knew the following spells:

 Your Spells              Type           Power        Failure   Level  Hunger
a - Sandblast             Erth           #####.       1%          1    None
b - Stone Arrow           Conj/Erth      #####.       1%          3    ##.....
c - Passwall              Tmut/Erth      ####......   1%          2    None
d - Lee's Rapid Deconstr  Erth           #####.....   1%          5    #####..


Dungeon Overview and Level Annotations

Branches:
Dungeon (10/15)            Temple (1/1) D:6
   Lair: D:8-11         Orc: D:9-12

Altars:
Ashenzari
Cheibriados
Dithmenos
Elyvilon
Fedhas
Gozag
Hepliaklqana
Kikubaaqudgha
Makhleb
Nemelex Xobeh
Okawaru
Qazlal
Ru
Sif Muna
Trog
Uskayaw
Vehumet
Xom
Yredelemnul
Zin
The Shining One

Shops:
D:4 *   D:5 [*   D:7 =

Annotations:
D:10 Urug


Innate Abilities, Weirdness & Mutations

You are resistant to torment.
Your stone body is resilient. (AC +7)
You are immune to poison.
You resist negative energy. (rN+)
You are resistant to electric shocks. (rElec)
You can survive without breathing.
You are immune to petrification.
You are immune to rotting.
You have supernaturally acute eyesight. (SInv)


Message History

Press: ? - help, Shift-Dir - straight line, f/p - Urug
Aim: Urug, wielding an enchanted great sword and wearing a chain mail (severely wounded)
The stone arrow hits Urug.
Urug is severely wounded.
Casting: Stone Arrow
Confirm with . or Enter, or press ? or * to list all spells.
You don't have enough magic to cast that spell.
Unknown command.
You feel better.
A red film seems to cover your vision as you go berserk!
You feel yourself moving faster!
You feel mighty!
Urug hits you with an enchanted great sword!!
* * * LOW HITPOINT WARNING * * *
You hear a bellow!
You closely miss Urug.
Urug is severely wounded.
You hit Urug. You freeze Urug.
Urug is almost dead.
Urug hits you with an enchanted great sword!!
You die...

##########
#.((....(#
#.######@#
####.######o######
#................#
#.##.#.####.####.#
#.##...o....#
#.##..[..#### .#
#.###...## ..
####.# ##.## #.
#....# #.# #.


You could see Urug.

Vanquished Creatures
  A two-headed ogre (D:8)
  The ghost of empire the Skirmisher, an amateur DrMo (D:5)
  A hornet (D:8)
  2 hippogriffs
  Eustachio (D:6)
  4 hogs (D:7)
  16 yaks
  A human (D:7)
  The ghost of Frank the Skirmisher, an amateur OpMo (D:3)
  2 sky beasts
  3 orc warriors
  2 ice beasts
  3 phantoms
  4 ogres
  4 centaurs
  A crocodile (Sewer)
  A wyvern zombie (D:10)
  3 bullfrogs
  A water moccasin zombie (Ossuary)
  11 scorpions
  10 killer bees
  4 wights (D:9)
  3 crimson imps
  2 hounds
  A quasit (D:9)
  4 orc priests
  2 bullfrog skeletons (D:4)
  A centaur skeleton (D:10)
  A jelly (D:7)
  2 iguanas
  5 worker ants
  8 orc wizards
  3 big kobold zombies (Ossuary)
  A hound zombie (D:7)
  3 mummies
  A worker ant zombie (D:7)
  7 gnolls
  9 adders
  2 shadow imps
  2 oozes (D:2)
  An adder skeleton (D:5)
  2 adder zombies
  2 worms
  4 dart slugs
  9 leopard geckos
  19 orcs
  31 bats
  9 giant cockroaches
  A gnoll zombie (Ossuary)
  6 goblins
  7 hobgoblins
  10 jackals
  6 quokkas
  5 ball pythons
  5 frilled lizards
  A goblin zombie (D:5)
  7 hobgoblin zombies
  A jackal zombie (D:5)
  10 kobolds
  3 kobold zombies (Ossuary)
  A leopard gecko zombie (D:5)
  4 orc zombies (Ossuary)
  9 rats
287 creatures vanquished.

Notes
Turn   | Place    | Note
-------+----------+-------------------------------------------
     0 | D:1      | Mesmaeker13 the Gargoyle Earth Elementalist began the quest for the Orb.
     0 | D:1      | Reached XP level 1. HP: 10/10 MP: 3/3
   180 | D:1      | Reached XP level 2. HP: 14/15 MP: 3/5
   269 | D:1      | Reached skill level 4 in Earth Magic
   475 | D:1      | Reached XP level 3. HP: 19/19 MP: 4/6
   530 | D:1      | Reached skill level 1 in Shields
   728 | D:2      | Learned a level 3 spell: Stone Arrow
  1099 | D:2      | Reached XP level 4. HP: 24/24 MP: 4/7
  1380 | D:2      | Reached skill level 1 in Conjurations
  1634 | D:2      | Reached XP level 5. HP: 13/28 MP: 2/9
  2922 | D:3      | Reached skill level 5 in Earth Magic
  2989 | D:3      | Learned a level 2 spell: Passwall
  3001 | D:3      | Noticed Frank's ghost (amateur OpMo)
  3029 | D:3      | Killed Frank's ghost
  3029 | D:3      | Reached XP level 6. HP: 13/32 MP: 1/10
  3637 | D:4      | Got a jewelled mace
  3727 | D:4      | Found Muborac's General Store.
  3742 | D:4      | Bought a scroll of identify for 24 gold pieces
  3742 | D:4      | Identified the +4 mace of Qystamei {flame, *Slow rPois rN+ Int+2} (You found it on level 4 of the Dungeon)
  4051 | D:4      | Reached XP level 7. HP: 28/36 MP: 12/12
  4080 | D:4      | Found a glowing drain.
  4093 | Sewer    | Entered a sewer
  4842 | D:4      | Reached skill level 6 in Earth Magic
  5155 | D:5      | Entered Level 5 of the Dungeon
  5156 | D:5      | Found a shattered altar of Ashenzari.
  5207 | D:5      | Found Tuniho Imua's Antique Armour Shop.
  5242 | D:5      | Found Wiefywk's General Store.
  5310 | D:5      | Found a sand-covered staircase.
  5315 | Ossuary  | Entered an ossuary
  5350 | Ossuary  | Reached XP level 8. HP: 21/41 MP: 1/14
  5951 | D:5      | Noticed empire's ghost (amateur DrMo)
  6351 | D:4      | Reached skill level 7 in Earth Magic
  6562 | D:5      | Reached skill level 5 in Conjurations
  6748 | D:5      | Killed empire's ghost
  6748 | D:5      | Reached skill level 5 in Spellcasting
  7048 | D:5      | Learned a level 5 spell: Lee's Rapid Deconstruction
  7178 | D:6      | Found a staircase to the Ecumenical Temple.
  7199 | Temple   | Entered the Ecumenical Temple
  7316 | Temple   | Became a worshipper of Vehumet
  7413 | D:6      | Reached XP level 9. HP: 35/45 MP: 4/16
  7529 | D:6      | Noticed Eustachio
  7711 | D:6      | Killed Eustachio
  7989 | D:6      | Found a sparkling altar of Nemelex Xobeh.
  7989 | D:6      | Found a bloodstained altar of Trog.
  8024 | D:7      | Reached skill level 8 in Earth Magic
  8039 | D:7      | Found Juso's Jewellery Emporium.
  8711 | D:7      | Reached * piety under Vehumet
  8711 | D:7      | Offered knowledge of Flame Tongue by Vehumet.
  8728 | D:7      | Reached skill level 5 in Dodging
  8728 | D:7      | Reached skill level 9 in Earth Magic
  8833 | D:7      | Reached XP level 10. HP: 50/50 MP: 5/19
  9333 | D:7      | Gained mutation: Your magical capacity is low. (-10% MP) [potion of mutation]
  9333 | D:7      | Gained mutation: You are partially covered in thin metallic scales. (AC +2) [potion of mutation]
  9537 | D:8      | Reached skill level 1 in Evocations
  9743 | D:8      | Noticed a two-headed ogre
  9748 | D:8      | Killed a two-headed ogre
  9748 | D:8      | Reached skill level 10 in Earth Magic
  9935 | D:8      | Lost mutation: Your magical capacity is low. (-10% MP) [potion of mutation]
  9935 | D:8      | Lost mutation: You are partially covered in thin metallic scales. (AC +2) [potion of mutation]
  9935 | D:8      | Gained mutation: You have supernaturally acute eyesight. (SInv) [potion of mutation]
  9935 | D:8      | Gained mutation: You are frail. (-10% HP) [potion of mutation]
  9935 | D:8      | Lost mutation: You are frail. (-10% HP) [potion of mutation]
  9953 | D:8      | Got a slimy dagger
 10132 | D:8      | Reached ** piety under Vehumet
 10149 | D:8      | Offered knowledge of Shock by Vehumet.
 10579 | D:9      | Got a twisted scarf
 10591 | D:9      | Identified the scarf "Yhubbe" {rPois Str-4 Int+3} (You found it on level 9 of the Dungeon)
 10729 | D:9      | Got an ichor-stained rapier
 10733 | D:9      | Found a blossoming altar of Fedhas.
 10782 | D:9      | Reached XP level 11. HP: 44/54 MP: 2/20
 11156 | D:9      | Got a bone battleaxe
 11205 | D:9      | Offered knowledge of Static Discharge by Vehumet.
 11218 | D:9      | Reached skill level 11 in Earth Magic
 11411 | D:9      | Reached *** piety under Vehumet
 11654 | D:10     | Entered Level 10 of the Dungeon
 11711 | D:10     | Identified the +10 dagger "Jellybane" {freeze, rF+} (You found it on level 8 of the Dungeon)
 12292 | D:10     | Offered knowledge of Airstrike by Vehumet.
 12389 | D:10     | Noticed Urug
 12420 | D:10     | Mangled by Urug

Skill      XL: |  1  2  3  4  5  6  7  8  9 10 11 |
---------------+----------------------------------+-----
Dodging        | 2 3 5 6 7 |  7.1
Earth Magic    | 4 5 6 7 9 10 11 | 11.3
Shields        | 1 2 3 4 |  4.1
Conjurations   | 1 2 4 5 7 9 |  9.1
Spellcasting   | 3 4 5 6 |  6.5
Evocations     | 3 4 |  4.4
Stealth        | |  2.1
Transmutations | |  0.7

Action                   |  1- 3 |  4- 6 |  7- 9 | 10-12 || total
-------------------------+-------+-------+-------+-------++-------
Melee: Whip              |    77 |    54 |       |       ||   131
       Dagger            |       |   145 |    45 |     2 ||   192
       Mace              |       |    13 |   200 |    35 ||   248
       Rapier            |       |       |     1 |       ||     1
       Staff             |       |       |       |   124 ||   124
 Cast: Sandblast         |    28 |    23 |     6 |    26 ||    83
       Stone Arrow       |       |    22 |    73 |    55 ||   150
       Lee's Rapid Decon |       |       |     3 |    19 ||    22
Evoke: Wand              |       |       |     1 |     3 ||     4
  Use: Scroll            |     2 |     4 |    11 |     3 ||    20
       Potion            |       |       |     1 |     6 ||     7
 Stab: Sleeping          |       |     1 |     5 |     4 ||    10
       Distracted        |       |       |       |     2 ||     2
  Eat: Chunk             |       |    13 |    16 |    17 ||    46
       Bread ration      |       |       |     1 |       ||     1
       Fruit             |       |       |       |     1 ||     1
Armor: Robe              |    38 |   107 |   102 |    86 ||   333
Dodge: Dodged            |    69 |   187 |   198 |   170 ||   624
Block: Buckler           |       |    40 |    46 |    53 ||   139
